[Event "10th Cesme Open-A 2024"]
[Site "Cesme"]
[Date "2024.06.25"]
[Round "3"]
[White "Bernadskiy, Vitaliy"]
[Black "Eke, Salih"]
[Result "1/2-1/2"]
[ECO "D35"]
[WhiteElo "2563"]
[BlackElo "2251"]
[Annotator "TA"]
[PlyCount "118"]
[EventDate "2024.06.23"]
[EventType "swiss"]
[EventCountry "TUR"]
[SourceTitle "playchess.com"]
[Source "ChessBase"]
[SourceQuality "1"]
[TimeControl "5400+30"]

1. d4 d5 2. c4 e6 3. Nc3 Be7 4. cxd5 exd5 5. Bf4 Nf6 6. e3 O-O 7. Nf3 c6 8. h3 Nbd7 9. Bd3 Re8 10. O-O Nf8 11. Bh2 Ne6 12. Ne5 g6 {[%emt 0:03:30] White has an edge.} 13. a3 Ng7 14. b4 a6 15. g4 Nd7 16. Kh1 Nxe5 17. dxe5 f6 18. e4 fxe5 19. exd5 cxd5 20. Bxe5 Be6 $1 21. f4 Bf6 22. Re1 d4 23. Bxf6 Qxf6 24. Ne4 Qxf4 {[%emt 0:00:30] [#] Strongly threatening ...Bd5.} 25. Rf1 Qe5 26. Nf6+ Kh8 27. Qf3 {[%emt 0:00:00][%cal Oa1e1] Rae1! would now be deadly.} Rf8 {[%emt 0:06:00][%cal Of8f6] And now ...Rxf6! would win.} (27... Nf5 $5 28. gxf5 gxf5 29. Bxf5 (29. Nxe8 $2 Bd5 $19) 29... Qxf6 30. Bxe6 Qxe6 $17) 28. Rae1 $1 (28. Qxb7 Rad8 29. Qe4 Qg5 $17) 28... Qg5 (28... Qxf6 $2 29. Qxf6 Rxf6 30. Rxf6 $18) (28... Qd6 {feels hotter.} 29. Qxb7 Qg3 30. Qf3 Qxf3+ 31. Rxf3 Bd5) 29. Qf4 (29. Qxb7 $11 Rab8 30. Qc7 (30. Qxa6 $2 Rxf6 31. Kg1 Rxf1+ 32. Bxf1 Rd8 $19)) 29... Qxf4 ({Don't go for} 29... Qxf6 $2 30. Qxf6 Rxf6 31. Rxf6 $18) (29... Bd5+ {with more complications.} 30. Kg1 Qxf4 31. Rxf4 Ne6) 30. Rxf4 g5 31. Rff1 h6 32. Nh7 (32. Kg1 $11) 32... Rxf1+ $17 33. Rxf1 Bd5+ 34. Kh2 Ne6 (34... Rd8 $17 35. Nf6 (35. Rf6 $2 Ne6 $19) 35... Bc6) 35. Nf6 $15 Bc6 (35... Bb3 $15 36. Rb1 Ba4) 36. Re1 $1 $11 {[%emt 0:02:30] The position is equal.} Ng7 {[%emt 0:01:30] ...Rf8 is the strong threat.} ({And not} 36... Nf4 37. Re7) 37. Re7 Rf8 {[%emt 0:01:30] Prevents Rf7.} 38. Nd7 Re8 {[%emt 0:14:07] [#]} 39. Ne5 $1 Rxe7 40. Ng6+ Kg8 41. Nxe7+ Kf7 42. Nxc6 bxc6 43. Bxa6 {[%emt 0:00:00][%mdl 4096] Endgame. KB-KN} Ke6 44. a4 Kd6 45. Kg3 c5 46. bxc5+ Kxc5 47. Kf3 Ne6 48. Ke4 Kb4 {[%emt 0:00:33] Hoping for ...Nc5+.} 49. Bb5 Nf4 50. h4 {[%emt 0:02:30] Black must now prevent h5.} (50. Kxd4 {simplifies} Nxh3 51. Ke5 Nf2 52. Kf5) 50... d3 51. Bxd3 Nxd3 52. Kxd3 gxh4 {[%emt 0:00:31][%cal Oh4h3] ( -> ...h3!)} 53. Ke4 {[%emt 0:00:30] Kf3 would kill now.} Kxa4 {[%emt 0:00:01] KPP-KP} 54. Kf3 Kb4 55. Kg2 Kc4 56. Kh3 Kd4 57. Kxh4 Ke4 58. Kh5 Kf4 59. Kxh6 {[%emt 0:00:30] Intending g5 and mate.} Kxg4 {[%emt 0:00:00] Weighted Error Value: White=0.11 (very precise) /Black=0.09 (flawless) .  Mistake:       	White=2     	Black=2      Inaccurate:     	White=1     	Black=4      OK:         	White=23    	Black=22     Best:        	White=3     	Black=4      Strong:       	White=2     	Black=1} 1/2-1/2

[Event "10th Cesme Open-A 2024"]
[Site "Cesme"]
[Date "2024.06.25"]
[Round "3"]
[White "Rasulov, Vugar"]
[Black "Kavri, Yusuf Eren"]
[Result "1-0"]
[ECO "E05"]
[WhiteElo "2557"]
[BlackElo "2059"]
[Annotator "TA"]
[PlyCount "130"]
[EventDate "2024.06.23"]
[EventType "swiss"]
[EventCountry "TUR"]
[SourceTitle "playchess.com"]
[Source "ChessBase"]
[SourceQuality "1"]
[TimeControl "5400+30"]

1. Nf3 Nf6 2. c4 e6 3. g3 d5 4. Bg2 Be7 5. O-O O-O 6. d4 dxc4 7. Qc2 a6 8. a4 Bd7 9. Rd1 Bc6 10. Nc3 Bxf3 11. Bxf3 Nc6 12. e3 Na5 {[%emt 0:10:30] Black is slightly better.} 13. Rb1 (13. Ne4 $11) 13... Rb8 14. e4 b5 15. axb5 axb5 16. Bf4 Nc6 17. Qd2 Nb4 ({Black should try} 17... b4 $15 18. Ne2 Na5) 18. Be2 $11 Rb7 19. b3 cxb3 20. Rxb3 c6 21. Rdb1 Na6 22. Bf3 Rd7 23. Qa2 Nc7 24. Be3 b4 25. Ne2 Qa8 26. Qc2 Nb5 27. Rc1 Rc8 28. Kg2 Rdd8 29. h4 (29. Qb2 $1 $11 {might be stronger.}) 29... Qa6 (29... Nd7 $15 30. Rd3 h6) 30. Qb2 $1 Nd7 31. Ra1 Qb7 32. Bg5 (32. Bd2 $5) 32... Bxg5 (32... f6 $1 $11 33. Bd2 c5 34. dxc5 Nxc5 35. Rxb4 Qd7 36. Rxb5 Qxd2) 33. hxg5 $16 e5 34. Rxb4 exd4 35. Nxd4 Nc5 {[%emt 0:01:04] Hoping for ...Nd3.} 36. Nf5 Ne6 37. Be2 c5 {[%emt 0:01:49] [#]} 38. Rc4 {[%emt 0:02:30] White is much more active.} (38. Rxb5 $2 {too greedy.} Qxe4+ 39. Bf3 Qxf5 $17) ({White must play} 38. Rba4 $1 $16 c4 39. f3 (39. Bxc4 $2 {loses.} Qxe4+ 40. Kg1 Rxc4 $19)) 38... Rb8 (38... Qd7 {simplifies} 39. Bg4 Nbd4 40. Rb1 Rc6) 39. Bg4 Nbd4 {[%emt 0:01:52] Excellent horsemanship.} 40. Qxb7 Rxb7 41. Nxd4 cxd4 42. f4 g6 {[%emt 0:01:09] [#]} (42... Rb2+ $11 {remains equal.} 43. Kf3 d3) 43. Rd1 (43. Ra2 $1 $16) 43... Rb2+ $11 44. Kh3 d3 45. Rc3 {[%emt 0:01:30][%cal Og4e6] Threatening Bxe6!} d2 46. Kg2 Nd4 47. Rd3 Nc6 48. Rxd8+ Nxd8 {[%emt 0:00:30][%mdl 4096] Endgame. KRB-KRN} 49. Kf2 Nb7 $1 50. Ke2 Nc5 51. Bf3 (51. Rxd2 {simplifies} Rxd2+ 52. Kxd2 Nxe4+ 53. Ke3) 51... Ne6 52. Ke3 Rb3+ 53. Kf2 Rb2 54. e5 Nd4 55. Ba8 Nb5 {[%emt 0:01:05] White must now prevent ...Nc3.} 56. Ke3 Rb3+ $1 57. Kxd2 Rxg3 58. Rb1 Nc7 59. Bc6 Ne6 60. Rb4 Rg4 61. Ke3 Rg3+ 62. Bf3 {[%emt 0:00:30] And now Kf2 would win.} Rg1 63. Bd5 Re1+ 64. Kf2 Ra1 65. Ke3 (65. Rb8+ $16 Kg7 66. Bxe6 fxe6 67. Rb7+ Kg8 68. Rb4) 65... Ra7 {[%emt 0:00:29][%mdl 32768] Weighted Error Value: White=0.16 (very precise) /Black=0.13 (very precise) .  Mistake:       	White=5     	Black=4      Inaccurate:     	White=5     	Black=6      OK:         	White=21    	Black=18     Best:        	White=4     	Black=4      Strong:       	White=1     	Black=2     . Loss on time!?} 1-0

[Event "10th Cesme Open-A 2024"]
[Site "Cesme"]
[Date "2024.06.25"]
[Round "3"]
[White "Grover, Sahaj"]
[Black "Kirilmaz, Emre"]
[Result "1-0"]
[ECO "D02"]
[WhiteElo "2510"]
[BlackElo "2195"]
[Annotator "TA"]
[PlyCount "55"]
[EventDate "2024.06.23"]
[EventType "swiss"]
[EventCountry "TUR"]
[SourceTitle "playchess.com"]
[Source "ChessBase"]
[SourceQuality "1"]
[TimeControl "5400+30"]

1. d4 Nf6 2. Bf4 d5 3. e3 c5 4. Nf3 Nc6 5. Nbd2 cxd4 6. exd4 Bf5 7. Bb5 Qb6 (7... e6 $5) 8. c4 {[%emt 0:00:30] The position is equal.} dxc4 9. a4 e6 10. Nxc4 Bb4+ 11. Bd2 $1 Bxd2+ 12. Qxd2 Qc7 13. Qa5 (13. Qb4 {with more complications.} Rd8 14. Nfe5 Rxd4 15. Nxc6 bxc6 16. Qc5) 13... Rc8 14. Rc1 O-O 15. Qxc7 Rxc7 16. Nd6 Be4 17. Nxe4 Nxe4 18. Ne5 Rfc8 19. Bxc6 f6 20. Rd1 fxe5 $2 {[%emt 0:04:30][%mdl 8192] [#] Loses the game.} (20... bxc6 $15 {keeps the upper hand.} 21. Nc4 Rd8) 21. Bxe4 $18 Rc4 22. a5 exd4 23. Bxb7 R8c5 24. a6 Rc2 25. O-O {[%emt 0:00:00] White is clearly winning.} ({But not} 25. Rxd4 Re5+ 26. Kd1 Rxb2 $18) 25... e5 (25... R2c4 $142 26. Be4 Ra5) 26. f4 exf4 27. Rxf4 Rxb2 28. Rfxd4 {[%emt 0:00:00] Weighted Error Value: White=0.07 (flawless) /Black=0.37.  Loses game:     	---       	Black=1      Mistake:       	---       	Black=1      OK:         	White=9     	Black=9      Best:        	White=1     	Black=2      Strong:       	White=1     	---} 1-0

[Event "10th Cesme Open-A 2024"]
[Site "Cesme"]
[Date "2024.06.25"]
[Round "3"]
[White "Isik, Alparslan"]
[Black "Ebrahimi Herab, Hamidreza"]
[Result "1/2-1/2"]
[ECO "A16"]
[WhiteElo "2469"]
[BlackElo "2333"]
[Annotator "TA"]
[PlyCount "73"]
[EventDate "2024.06.23"]
[EventType "swiss"]
[EventCountry "TUR"]
[SourceTitle "playchess.com"]
[Source "ChessBase"]
[SourceQuality "1"]
[TimeControl "5400+30"]

1. c4 Nf6 2. Nc3 d5 3. cxd5 Nxd5 4. g3 g6 5. Bg2 Nb6 6. h4 h5 7. d3 Bg7 8. Nf3 N8d7 {[%emt 0:02:30][%cal Bb8d7,Bd7f6,Bf6g4][%mdl 32] White is slightly better.} 9. O-O O-O 10. Bg5 a5 11. Qc1 Nf6 12. Rd1 c6 13. Bh6 Bxh6 14. Qxh6 Ng4 15. Qf4 Qd6 16. Qc1 Rd8 17. d4 Be6 (17... Qc7 $14) 18. Ng5 $16 {[%emt 0:03:30] [#] Threatens to win with Nce4.} Bc4 (18... Bc8 $142) 19. b3 Ba6 20. Nge4 {[%emt 0:00:30] Dodges Qf6} Qc7 21. Nc5 e5 22. e3 (22. Nxa6 {simplifies} Rxa6 23. d5 cxd5 24. Nxd5 Qxc1 25. Raxc1 Nxd5 26. Rxd5 Rxd5 27. Bxd5 Rd6 28. Bxb7 Rd2 29. f3) 22... exd4 23. exd4 Nd7 24. Nxa6 (24. N5e4 $16) 24... Rxa6 $11 25. d5 Ndf6 {[%emt 0:02:34][%cal Og4f2] [#] White must now prevent ...Nxf2!} 26. dxc6 bxc6 27. Qc2 c5 28. Na4 Rad6 {[%emt 0:00:38] The position is equal.} 29. Rxd6 (29. Qxc5 $2 {is the wrong capture.} Rxd1+ 30. Rxd1 Rxd1+ $19) 29... Qxd6 30. Qxc5 ({Much worse is} 30. Nxc5 Qd4 31. Rb1 Rc8 $17) 30... Qd2 31. Rf1 Qxa2 32. Qxa5 Rd2 33. Qa8+ Kg7 34. Qf3 Rc2 35. Bh3 Ne5 {[%emt 0:00:37] A dynamic duo of knights.} 36. Qe3 Re2 37. Nc3 {[%emt 0:04:46] Weighted Error Value: White=0.12 (very precise) /Black=0.10 (very precise) .  Mistake:       	White=1     	Black=2      Inaccurate:     	White=3     	Black=1      OK:         	White=13    	Black=13     Best:        	White=1     	Black=1} 1/2-1/2

[Event "10th Cesme Open-A 2024"]
[Site "Cesme"]
[Date "2024.06.25"]
[Round "3"]
[White "Fromm, Marius"]
[Black "Kamer, Kayra"]
[Result "1-0"]
[ECO "B42"]
[WhiteElo "2465"]
[BlackElo "2316"]
[Annotator "TA"]
[PlyCount "77"]
[EventDate "2024.06.23"]
[EventType "swiss"]
[EventCountry "TUR"]
[SourceTitle "playchess.com"]
[Source "ChessBase"]
[SourceQuality "1"]
[TimeControl "5400+30"]

1. e4 c5 2. Nf3 e6 3. d4 cxd4 4. Nxd4 a6 5. Bd3 Nf6 6. O-O e5 7. Nb3 (7. Bg5 $5) 7... Nc6 8. c4 a5 9. a4 (9. Be3 $14) 9... h6 (9... Be7 $11) 10. Nc3 $14 d6 11. Be2 Be7 12. Be3 O-O 13. Qd2 Be6 14. f3 Nb4 15. Nc1 Rc8 16. b3 Nd7 17. N1a2 Nc5 18. Qd1 Bg5 19. Bf2 f5 (19... Nxa2 $11 {keeps the balance.} 20. Rxa2 h5) 20. exf5 $16 Nxa2 21. Rxa2 Bxf5 22. Nb5 Rf6 (22... Rc6 $14 {feels stronger.}) 23. Kh1 {[%emt 0:01:30] [#] Strongly threatening h4.} h5 24. Nc3 {[%emt 0:07:30] Hoping for h4.} h4 25. Bxc5 Rxc5 (25... dxc5 $16 26. Nd5 Rd6) 26. Bd3 $18 Bf4 (26... Bxd3 $142 27. Qxd3 Rh6) 27. Bxf5 Rxf5 28. Ne4 Be3 (28... Rc7 29. Qd5+ (29. Nxd6 Rd7 $14) (29. Qxd6 Qxd6 30. Nxd6 Rf8 $16) 29... Kh8) 29. Nxc5 (29. Qd3 $142) 29... Bxc5 30. Qd5+ Rf7 31. Re2 {[%emt 0:01:00][%cal Ba2e2,Be2e4,Be4g4][%mdl 32] [#] Rxe5 is the strong threat.} Qf6 32. Re4 g5 33. Rg4 Kf8 34. Qd2 Rg7 35. Qxa5 h3 (35... b6 $142 36. Qd2 (36. Qa8+ Kf7 $18) 36... h3 37. gxh3 Rh7) 36. Qa8+ {[%emt 0:00:30] White is clearly winning.} Kf7 37. Qxb7+ Kg8 38. Qd5+ Kh8 39. gxh3 {[%emt 0:00:30] Weighted Error Value: White=0.22 (precise) /Black=0.42.  Mistake:       	White=2     	Black=7      Inaccurate:     	White=3     	Black=2      OK:         	White=12    	Black=10     Best:        	White=2     	---} 1-0

[Event "10th Cesme Open-A 2024"]
[Site "Cesme"]
[Date "2024.06.25"]
[Round "3"]
[White "Kilic, Eray"]
[Black "Uysal, Ugur"]
[Result "1-0"]
[ECO "D78"]
[WhiteElo "2443"]
[BlackElo "2058"]
[Annotator "TA"]
[PlyCount "97"]
[EventDate "2024.06.23"]
[EventType "swiss"]
[EventCountry "TUR"]
[SourceTitle "playchess.com"]
[Source "ChessBase"]
[SourceQuality "1"]
[TimeControl "5400+30"]

1. Nf3 Nf6 2. g3 g6 3. b3 Bg7 4. Bb2 O-O 5. Bg2 d5 6. O-O c6 7. c4 a5 8. d4 Bf5 9. Nc3 Ne4 10. Nh4 Nxc3 11. Bxc3 Be6 12. Qd3 {[%emt 0:01:00] The position is equal.} Qd7 13. e4 Rd8 14. cxd5 cxd5 15. e5 g5 {[%emt 0:13:30] [#]} (15... Bh3 $11) 16. Nf3 (16. f4 $1 $16 ) 16... h6 17. h4 f6 18. Rfe1 Nc6 19. exf6 exf6 20. hxg5 Bf5 21. Qd2 hxg5 22. Nh2 Kf7 23. Nf1 Rh8 (23... Bh3 {keeps more tension.} 24. Qe2 Bg4 25. Bf3 Bxf3 26. Qxf3 g4) 24. Ne3 Be6 25. Qe2 Ne7 (25... Rad8 $11) 26. a4 (26. Rac1 $14) 26... Bh3 (26... Rh6 $11) 27. Bf3 $14 Rhc8 ({Black should try} 27... Be6 $14) 28. Bd2 (28. Bb2 $18) 28... Be6 $16 29. Bh5+ Kf8 30. Bc1 {[%emt 0:01:30] Ba3 is the strong threat.} Nc6 (30... Nf5 $16 {was necessary.}) 31. Ba3+ Kg8 {[%emt 0:00:30] [#]} 32. Bc5 (32. Bg6 $1 $18 {aiming for Qh5.} Bf8 33. Bxf8 Rxf8 34. Qh5) 32... Rab8 $14 33. Bb6 {[%emt 0:01:00] White is more active.} f5 34. Rad1 Rf8 {[%emt 0:01:37] [#]} 35. Ng4 $1 {[%emt 0:01:00] Repels Rf6} Bf7 36. Ne5 $36 {[%emt 0:00:30][%mdl 2048] White is pushing.} Bxe5 37. Bxf7+ ({Better is} 37. dxe5 $16 {And now e6 would win.} Be6 38. Bf3) 37... Rxf7 $11 38. dxe5 {[%emt 0:00:30] Black must now prevent e6.} Qe6 39. Qd2 Nxe5 $2 {[%emt 0:01:40][%mdl 8192] Black cannot hold the game after this.} (39... d4 $1 $11 {and Black has nothing to worry.}) 40. Qxg5+ $18 (40. Qxd5 Qxd5 (40... Qxb6 $2 41. Rxe5 Qc6 42. Rxf5 $18) 41. Rxd5 Nf3+ 42. Kf1 Nxe1 43. Kxe1 Rc8 $16) 40... Rg7 $2 (40... Qg6 {keeps fighting.} 41. Qxg6+ Nxg6 42. Rxd5 Ra8 43. Bxa5 (43. Rxa5 Rxa5 44. Re8+ Kg7 $18) 43... Ne7) 41. Qf4 Qxb6 42. Qxe5 Rf8 (42... Rd8 43. Rd3 (43. Qxf5 Rxg3+ 44. Kf1 Qa6+ 45. Re2 Qg6 $14) (43. Rxd5 Rf8 $18) 43... Rg6 44. Qxf5 (44. Rxd5 Rf8 $18) 44... Qf6 45. Rxd5 Qxf5 46. Rxf5 b6) 43. Qxd5+ Kh7 44. Re6 Qc7 45. Kg2 {[%emt 0:00:30] White threatens Rh1+ and mate.} Qf7 46. Rh1+ Kg8 47. Qd6 {[%emt 0:00:00] Threatening mate with Reh6.} Qc7 {[%emt 0:01:37] [#]} 48. Rh8+ $3 Kxh8 49. Qxf8+ {[%emt 0:00:30] Weighted Error Value: White=0.31/Black=0.49.  Loses game:     	---       	Black=1      Mistake:       	White=5     	Black=7      Inaccurate:     	White=2     	Black=2      OK:         	White=13    	Black=7      Best:        	White=3     	Black=6} 1-0

[Event "10th Cesme Open-A 2024"]
[Site "Cesme"]
[Date "2024.06.25"]
[Round "3"]
[White "Ozsakallioglu, Okan"]
[Black "Bicer, Atakan Mert"]
[Result "1/2-1/2"]
[ECO "B10"]
[WhiteElo "2402"]
[BlackElo "2313"]
[Annotator "RC"]
[PlyCount "177"]
[EventDate "2024.06.23"]
[EventType "swiss"]
[EventCountry "TUR"]
[SourceTitle "playchess.com"]
[Source "ChessBase"]
[SourceQuality "1"]
[TimeControl "5400+30"]

1. e4 c6 2. Nf3 d5 3. d3 dxe4 4. dxe4 Qxd1+ 5. Kxd1 Nf6 6. Nbd2 g6 7. Ne5 Bg7 8. Nd3 b6 9. f3 O-O 10. a4 c5 11. c3 Nc6 12. Nc4 Ba6 13. Nf4 e6 14. h4 h5 15. Be3 Nd7 16. Kc2 Bxc4 17. Bxc4 Nde5 18. Be2 Na5 19. Rad1 Rfd8 20. Bc1 Bf6 21. Rxd8+ Rxd8 22. g4 hxg4 23. fxg4 Be7 24. g5 Nb7 25. h5 Nd6 26. hxg6 Nxg6 27. Nxg6 fxg6 28. Rh4 e5 29. Be3 Kg7 30. b4 cxb4 31. cxb4 Nf7 32. Rg4 Bxb4 33. Bc4 Rc8 34. Kd3 Nd6 35. Bd5 Rc3+ 36. Ke2 Ra3 37. Bc1 Rc3 38. Kd1 Nc4 39. Rg1 Bc5 40. Rf1 Rxc1+ 41. Kxc1 Ba3+ 42. Kc2 Ne3+ 43. Kb3 Nxf1 44. Kxa3 Ne3 45. Bb3 a5 46. Kb2 Kf8 47. Kc3 Ke7 48. Kd3 Ng2 49. Kc4 Kd6 50. Kb5 Kc7 51. Bf7 Nf4 52. Be8 Nh3 53. Kc4 Nf4 54. Kb5 Ne6 55. Bxg6 Nxg5 56. Kc4 Ne6 57. Bf5 Nf4 58. Bh7 Kc6 59. Bg8 Ne2 60. Bd5+ Kd6 61. Ba8 Nd4 62. Bd5 Kd7 63. Bg8 Kc6 64. Bd5+ Kd6 65. Ba8 Ne6 66. Bd5 Nc5 67. Kb5 Kc7 68. Ba8 Ne6 69. Bd5 Nd4+ 70. Kc4 Nc6 71. Kb5 Ne7 72. Be6 Ng6 73. Bf7 Nf4 74. Kc4 Kc6 75. Be8+ Kd6 76. Kb5 Kc7 77. Kc4 Kd8 78. Bf7 Ke7 79. Bd5 Kd6 80. Bf7 Ng2 81. Kb5 Kc7 82. Bg8 Ne3 83. Bb3 Nf1 84. Bd5 Nd2 85. Ba8 Nb3 86. Bd5 Nc5 87. Ba8 Nb7 88. Ka6 Nd6 89. Bd5 1/2-1/2

[Event "10th Cesme Open-A 2024"]
[Site "Cesme"]
[Date "2024.06.25"]
[Round "3"]
[White "Haznedaroglu, Kivanc"]
[Black "Zerey, Demhat"]
[Result "1/2-1/2"]
[ECO "A13"]
[WhiteElo "2359"]
[BlackElo "2038"]
[Annotator "RC"]
[PlyCount "57"]
[EventDate "2024.06.23"]
[EventType "swiss"]
[EventCountry "TUR"]
[SourceTitle "playchess.com"]
[Source "ChessBase"]
[SourceQuality "1"]
[TimeControl "5400+30"]

1. c4 e6 2. Nf3 d5 3. g3 Nf6 4. Bg2 d4 5. b4 Bxb4 6. Qa4+ Nc6 7. Ne5 Rb8 8. Nxc6 bxc6 9. Bxc6+ Bd7 10. O-O Rb6 11. Bxd7+ Qxd7 12. Qxd7+ Kxd7 13. d3 Rhb8 14. Rd1 Bc3 15. Nxc3 dxc3 16. a4 Rb1 17. Ra3 R8b3 18. Rxb3 c2 19. Rf1 Rxb3 20. f3 Rb4 21. a5 Ra4 22. Bd2 Ne8 23. Rc1 Ra2 24. Kf2 Nd6 25. Ke1 Nb7 26. Bb4 Nxa5 27. Bxa5 Rxa5 28. Rxc2 Ra1+ 29. Kd2 1/2-1/2

[Event "10th Cesme Open-A 2024"]
[Site "Cesme"]
[Date "2024.06.25"]
[Round "3"]
[White "Yurtseven, Melih"]
[Black "Kovalev, Vladislav"]
[Result "1/2-1/2"]
[ECO "C47"]
[WhiteElo "2333"]
[BlackElo "2559"]
[Annotator "TA"]
[PlyCount "48"]
[EventDate "2024.06.23"]
[EventType "swiss"]
[EventCountry "TUR"]
[SourceTitle "playchess.com"]
[Source "ChessBase"]
[SourceQuality "1"]
[TimeControl "5400+30"]

1. e4 e5 2. Nf3 Nc6 3. Nc3 Nf6 4. d4 exd4 5. Nxd4 Bb4 6. Nxc6 bxc6 7. Bd3 O-O 8. O-O d5 9. exd5 cxd5 10. h3 {[%emt 0:00:00] Repels Bg4} Rb8 11. Qf3 c6 12. Bf4 {[%emt 0:02:30] The position is equal.} Bd6 13. b3 Qc7 14. Ne2 c5 15. Bxd6 Qxd6 16. Ng3 g6 17. c4 d4 18. Ne4 Nxe4 19. Bxe4 Bd7 20. Rfe1 Rbe8 21. Bd5 Be6 22. Bc6 Re7 23. Qf6 $1 Qd8 {[%emt 0:12:30] [#]} 24. Bd5 $1 Rfe8 {[%emt 0:00:30] Weighted Error Value: White=0.06 (flawless) /Black=0.10 (very precise) .  Inaccurate:     	White=1     	Black=1      OK:         	White=4     	Black=6      Strong:       	White=1     	---} 1/2-1/2

[Event "10th Cesme Open-A 2024"]
[Site "Cesme"]
[Date "2024.06.25"]
[Round "3"]
[White "Gunduz, Umut Erdem"]
[Black "Kharitonov, Alexandr"]
[Result "0-1"]
[ECO "B15"]
[WhiteElo "2312"]
[BlackElo "2522"]
[Annotator "TA"]
[PlyCount "38"]
[EventDate "2024.06.23"]
[EventType "swiss"]
[EventCountry "TUR"]
[SourceTitle "playchess.com"]
[Source "ChessBase"]
[SourceQuality "1"]
[TimeControl "5400+30"]

1. e4 c6 2. d4 d5 3. Nc3 dxe4 4. Nxe4 Nf6 5. Nxf6+ exf6 6. c3 Bd6 7. Bd3 O-O 8. Qc2 Re8+ 9. Ne2 h6 10. O-O Nd7 11. Be3 Nf8 12. c4 Bg4 {[%emt 0:02:30] The position is equal.} 13. Nc3 Qd7 14. d5 f5 15. Qd2 Ng6 (15... Bh5 $11) 16. h3 $2 (16. f3 $1 $14 {stays ahead.} Bh5 17. c5) 16... f4 $17 17. Bd4 {[%emt 0:08:30] [#]} (17. Bc5 $17 Bxc5 18. hxg4) 17... f3 $1 $19 18. Rfe1 $2 {[%emt 0:18:30] [#]} (18. hxg4 Qxg4) (18. Bxg6 fxg2 19. Bh7+ (19. hxg4 $2 gxf1=Q+ 20. Kxf1 fxg6 $19) (19. Rfe1 Bf3 $11) 19... Kxh7 20. Rfe1 Bxh3 (20... Rxe1+ 21. Rxe1 Bxh3 22. c5 $15) 21. c5) 18... Bxh3 $1 19. Ne4 {[%emt 0:01:30] [#]} (19. gxf3 Bg2) 19... Rxe4 $1 {[%emt 0:03:30][%mdl 512] Weighted Error Value: White=1.67/Black=0.11 (very precise) .  Mistake:       	White=3     	Black=1      Inaccurate:     	White=2     	Black=1      OK:         	---       	Black=1      Strong:       	---       	Black=1      Brilliant:      	---       	Black=1} 0-1

[Event "10th Cesme Open-A 2024"]
[Site "Cesme"]
[Date "2024.06.25"]
[Round "3"]
[White "Tarlabasi, Emirhan"]
[Black "Gholami, Aryan"]
[Result "1-0"]
[ECO "E15"]
[WhiteElo "2303"]
[BlackElo "2481"]
[Annotator "TA"]
[PlyCount "173"]
[EventDate "2024.06.23"]
[EventType "swiss"]
[EventCountry "TUR"]
[SourceTitle "playchess.com"]
[Source "ChessBase"]
[SourceQuality "1"]
[TimeControl "5400+30"]

1. d4 Nf6 2. c4 e6 3. Nf3 b6 4. g3 Ba6 5. b3 d5 6. Bg2 Bb4+ 7. Bd2 Be7 8. cxd5 exd5 9. Nc3 O-O 10. O-O Re8 11. Re1 {[%emt 0:05:30] E15: Queen's Indian: 4 g3 sidelines, 4 g3 Ba6 and 4 g3 Bb7 early deviations.} c5 12. Bg5 Nc6 13. Rc1 Rc8 14. dxc5 d4 15. Na4 h6 $146 ({Predecessor:} 15... b5 16. Nb2 Ne4 17. Bxe7 Rxe7 18. Qd3 Qd5 19. Nd2 f5 20. e3 Rce8 21. exd4 Nb4 {1-0 Grabliauskas,V (2404)-Bernadskiy,V (2438) Lvov Vasylyshyn Memorial GM 2010 (5)}) 16. Bxf6 Bxf6 17. Qd2 Bb5 18. Nb2 bxc5 19. Rxc5 Qb6 20. Rcc1 Be7 21. Nd3 Ba3 22. Rcd1 Rcd8 23. Rb1 a5 24. Red1 Bb4 25. Qc2 Bc3 26. a3 Rc8 27. Qa2 Qa6 28. Bf1 Qa7 29. Rbc1 Ne7 30. Nde5 f6 31. Nc4 Nf5 32. Nxa5 Nd6 33. b4+ Kh8 34. Nb3 Bc4 35. Qb1 Nb5 36. Nbd2 Nxa3 37. Qf5 Be6 38. Qf4 Bd5 39. Bh3 Rcd8 40. Bf1 ({White should play} 40. Bf5 $1 $14) 40... Qb6 41. Nb1 (41. e4 $14 Bg8 42. b5) 41... Nxb1 $1 $15 42. Rxb1 Be4 (42... Bxb4 $2 43. Rxd4 Qa7 44. Rbxb4 $18 (44. Rdxb4 Qf7 $18)) 43. Rbc1 Qxb4 (43... g5 $5 44. Qg4 $8 Qxb4 $15 (44... Bxb4 45. Qh5 $14)) 44. h4 Qa5 45. Bg2 Bg6 ({Black should try} 45... Bb2 $1 $17 {[%cal Od4d3] Hoping for ...d3!} 46. Rc4 Bg6) 46. Nxd4 $11 Bb2 (46... Rxd4 $11 {remains equal.} 47. Rxd4 Bxd4 48. Qxd4 Rxe2) 47. Nc6 $1 $16 Rxd1+ 48. Rxd1 Qa3 49. Qg4 Bf7 50. Rd7 h5 $2 (50... f5 $16 51. Qf4 (51. Qxf5 Be6 $14) 51... Be6) 51. Qf3 $2 (51. Qf5 $18 {is the precise move to win. White wants to mate with Nd8.} g6 52. Qb5) 51... Bg6 (51... Qxf3 $16 {was necessary.} 52. Bxf3 Kg8) 52. Rd5 (52. e3 $18) 52... Kg8 (52... Qxf3 $16 53. Bxf3 f5) 53. Qxa3 (53. e3 $18 {has better winning chances.}) 53... Bxa3 $16 54. Bf3 Bf7 55. Ra5 Bf8 56. Nd4 Rd8 57. e3 g6 58. Kg2 Rd7 59. Rb5 Ra7 60. Bd5 Bxd5+ 61. Rxd5 Kf7 62. Rb5 Be7 63. Kf3 Rc7 64. Ke4 Ra7 65. Kd5 Ra2 66. Rb7 Ra5+ (66... Rxf2 $2 67. Nc6 $18) 67. Ke4 Rc5 68. Ra7 Re5+ 69. Kd3 Rc5 (69... Rd5 $142) 70. e4 (70. Ne2 $142) 70... Ke8 (70... Rc1 $16 {is a better defense.}) 71. Ne6 $18 Rc6 72. Nc7+ $1 Kf8 73. Nd5 Bc5 {[%emt 0:00:00] [#]} 74. Ra2 $1 Kf7 {[%emt 0:00:00] [#]} 75. Rc2 $1 g5 $2 (75... f5 76. e5 Ke6 77. Nf4+ Kxe5 78. Nxg6+ Kd6) 76. hxg5 $18 fxg5 77. f4 h4 (77... gxf4 $142 78. gxf4 Ke6) 78. gxh4 $18 (78. fxg5 hxg3 79. Nf4 Rd6+ 80. Ke2 Bd4 $14) 78... gxh4 79. e5 h3 80. f5 Rc8 81. e6+ Kg7 82. Ke4 (82. f6+ $142 Kg6 83. f7) 82... Bg1 83. f6+ (83. Rxc8 h2 84. f6+ Kh7 $11) 83... Kh7 84. f7 ({Stronger than} 84. Rxc8 h2 85. Nf4 (85. Rc7+ Kh6 $15) 85... h1=Q+ 86. Kf5 Qb7 $11) 84... Rxc2 85. f8=Q ({And not} 85. f8=R Re2+ 86. Kf5 Bd4 87. Rf7+ Kh6 $11) 85... Re2+ 86. Kf5 Bd4 87. Qf7+ 1-0